cohdb
Replays
Latest Replays
All Replays
Popular Replays
Top Player Replays
Match Explorer
How It Works
Community
CoH3 Stats
Reddit
Sign in to upload your games and track your stats! →
Sign in with Steam
Match 25633363
Unlisted
Match 25633363
Overview
Messages
Build Orders
End
Panzergrenadier Squad
Selects Battlefield Espionage Battlegroup
Panzergrenadier Squad
250 Light Carrier
Construct Light Support Kompanie
Combat Half-tracks
Selects 250/3 Funkpanzerwagen
2.5-tonne Medical Truck
Fire Support Elements
Pak 38 Mechanized Group
250/3 Funkpanzerwagen
Selects Anti-Tank Incendiary Munitions
Kradschützen Motorcycle Team
Tungsten Core Ammunition
2.5-tonne Medical Truck
Pak 38 Anti-tank Gun Team
Flakvierling Half-track
Panzergrenadier Squad
MG34 Team
Piros
MR.DOGO-YT
Eliasga89
Eber
小风风
我真的不是驴
Redapse
人老打不动游戏了
0
0
Comments
sign in to comment!
No comments posted yet!